Cogmind - Beta 11.1 @@@ ROGUE MODE // 2022.04.30 @ 02:45:55 // Winter2019/RPGLIKE Player: Torako Result: Destroyed by Z-Imprinter with Zionite Laser-M Performance ------------- Evolutions (4) 2000 Regions Visited (18) 3600 Robots Destroyed (210) 1050 Value Destroyed (7630) 7630 Prototype IDs (58) 1160 Alien Tech Used (0) 0 Bonus (2114) 2114 TOTAL SCORE: 17554 Bonus ------- High Alert Combat Kills 1327 Follower Combat Kills 490 Aligned with FarCom 300 Met Data Miner 300 Friendly Fire -303 Cogmind --------- Core Integrity 0/1000 Matter 274/300 Energy 810/810 System Corruption 10% Temperature Cool (9) Movement Rolling (115) Ox1 Location -6/Deep Caves Parts ------- > --- POWER (3) -------- Cooled Ion Engine Nuclear Core Improved Deuterium Engine > --- PROPULSION (2) --- Armored Huge Wheel > --- UTILITY (9) ------ Gravity Neutralizer Structural Scanner 0b10 Decoder Chip [Generic] Advanced Target Analyzer Experimental Armor Integrity Analyzer Weapon Cycler Graphene Brace Thermal Defense Suite Remote Shield > --- WEAPON (3) ------- Zionite Laser-S Heavy Assault Cannon > --- INVENTORY (4) ---- Proton Cannon Proton Cannon Advanced EMP Blaster Self-destruct Interrupter (50) Peak State ------------ > --- POWER ------------ Cooled Ion Engine Nuclear Core Improved Deuterium Engine > --- PROPULSION ------- Armored Huge Wheel > --- UTILITY ---------- Gravity Neutralizer Structural Scanner 0b10 Decoder Chip [Generic] Advanced Target Analyzer Experimental Armor Integrity Analyzer Weapon Cycler Graphene Brace Thermal Defense Suite Remote Shield > --- WEAPON ----------- Zionite Laser-S Zionite Laser-S Improved EM Pulse Cannon > --- INVENTORY -------- Proton Cannon Proton Cannon Advanced EMP Blaster Self-destruct Interrupter [Rating: 86] Favorites ----------- Power Cooled Ion Engine Engine Cooled Ion Engine Power Core Nuclear Core Propulsion Wheel Wheel Wheel Hover Unit Aerolev Unit Utility Structural Scanner Device Structural Scanner Storage Compact Battery Processor Experimental Armor Integrity Analyzer Hackware Hacking Suite Protection Improved Medium Armor Plating Weapon EM Pulse Cannon Energy Gun Medium Laser Energy Cannon EM Pulse Cannon Ballistic Cannon Heavy Assault Cannon Launcher Advanced EMP Blaster Build | -11 -10 -10 -9 -9 -9 -8 -8 -8 -7 -7 -7 -7 -6 -6 -6 -6 -6 -6 ------- Run | Scr Mat Min Mat Min Exi Min Mat Sto Fac Low Low Dat Pro Fac Low Low Zio Dee Slots Evolved 13 | . 3 . . . . . 4 . 4 . . . . 1 . . 1 . Power 2 | . . . . . . . 2 . . . . . . . . . . . Propulsion 1 | . . . . . . . . . 1 . . . . . . . . . Utility 8 | . 3 . . . . . 2 . 1 . . . . 1 . . 1 . Weapon 2 | . . . . . . . . . 2 . . . . . . . . . Parts Attached 93 | 3 5 3 1 . 1 1 7 20 22 4 1 . 2 5 . . 14 4 Power 11 | 1 1 . 1 . . . . 5 3 . . . . . . . . . Engine 7 | 1 1 . 1 . . . . 1 3 . . . . . . . . . Core 4 | . . . . . . . . 4 . . . . . . . . . . Reactor . | . . . . . . . . . . . . . . . . . . . Propulsion 7 | 1 . 1 . . . . . 4 1 . . . . . . . . . Treads . | . . . . . . . . . . . . . . . . . . . Leg . | . . . . . . . . . . . . . . . . . . . Wheel 5 | 1 . 1 . . . . . 2 1 . . . . . . . . . Hover 2 | . . . . . . . . 2 . . . . . . . . . . Flight . | . . . . . . . . . . . . . . . . . . . Utility 41 | . 4 1 . . 1 1 7 3 7 4 1 . . 5 . . 7 . Device 21 | . . . . . 1 1 5 2 5 1 . . . 4 . . 2 . Storage 1 | . . . . . . . . . . 1 . . . . . . . . Processor 6 | . . . . . . . . . 1 . . . . . . . 5 . Hackware 2 | . 1 . . . . . 1 . . . . . . . . . . . Protection 11 | . 3 1 . . . . 1 1 1 2 1 . . 1 . . . . Artifact . | . . . . . . . . . . . . . . . . . . . Weapon 34 | 1 . 1 . . . . . 8 11 . . . 2 . . . 7 4 Energy Gun 6 | 1 . . . . . . . 1 2 . . . . . . . . 2 Energy Cannon 19 | . . 1 . . . . . 5 7 . . . 1 . . . 4 1 Ballistic Gun . | . . . . . . . . . . . . . . . . . . . Ballistic Cannon 3 | . . . . . . . . . 1 . . . . . . . 1 1 Launcher 6 | . . . . . . . . 2 1 . . . 1 . . . 2 . Special Weapon . | . . . . . . . . . . . . . . . . . . . Impact Weapon . | . . . . . . . . . . . . . . . . . . . Slashing Weapon . | . . . . . . . . . . . . . . . . . . . Piercing Weapon . | . . . . . . . . . . . . . . . . . . . Special Melee Weapon . | . . . . . . . . . . . . . . . . . . . Unidentified Prototypes 9 | . . . 1 . . . . 3 1 . . . . 1 . . 2 1 Corrupted Parts 3 | . . . . . . . . . 2 . . . . . . . . 1 System Corruption 25 | . . . . . . . . . 15 . . . . . . . . 10 Parts Lost 7 | . . . . . . . . 1 3 1 1 . . . . . . 1 Power . | . . . . . . . . . . . . . . . . . . . Propulsion . | . . . . . . . . . . . . . . . . . . . Utility 6 | . . . . . . . . 1 3 1 1 . . . . . . . Weapon 1 | . . . . . . . . . . . . . . . . . . 1 Highest Loss Streak 2 | . . . . . . . . 1 2 1 1 . . . . . . 1 To Critical Strikes . | . . . . . . . . . . . . . . . . . . . Average Slot Usage (%) 95 | . 91 100 100 100 100 100 94 95 94 89 91 93 93 92 93 93 92 93 Engine 13 | . 19 14 14 14 14 14 11 12 13 13 13 13 13 12 12 12 11 11 Core 4 | . . . . . . . . 10 8 6 6 6 6 6 6 6 5 5 Wheel 9 | . 19 14 14 14 14 14 11 9 7 6 6 6 6 6 6 6 5 5 Device 25 | . . . . . 8 22 34 35 31 35 34 33 33 35 37 37 36 35 Hackware 7 | . 11 14 14 14 14 14 12 9 5 . . . . . . . . . Protection 17 | . 19 42 42 42 33 19 11 9 10 3 10 13 13 12 12 12 9 . Energy Cannon 14 | . . 10 14 14 14 14 11 8 13 20 20 20 19 18 18 18 17 11 Naked Turns . | . . . . . . . . . . . . . . . . . . . Heaviest Build 74 | 5 30 35 36 36 37 37 40 54 73 62 66 66 66 70 70 70 74 60 Greatest Support 40 | 10 10 10 10 10 10 10 10 19 37 37 37 37 37 40 40 40 40 40 Greatest Overweight (x) 7 | 1 2 3 3 3 3 3 3 5 7 1 1 1 1 1 1 1 1 1 Average Overweight (x) 2 | . . 2 3 3 3 2 2 4 3 1 1 1 1 1 1 1 1 1 Largest Inventory Capacity 4 | . 1 1 3 3 3 3 3 3 3 3 3 3 4 4 4 4 4 4 Average Capacity 2 | . . 1 2 3 3 3 3 3 3 3 3 3 3 4 4 4 4 4 Most Carried 4 | . 1 1 3 3 3 3 3 3 3 3 3 3 4 4 4 4 4 4 Average Carried 2 | . . . 2 3 1 1 2 2 2 3 3 3 3 3 4 4 3 3 Final Capacity 4 | . 1 1 3 3 3 3 3 3 3 3 3 3 4 4 4 4 4 4 Final Carried 4 | . 1 1 3 3 1 1 3 3 3 3 3 3 4 4 4 4 4 4 Class Distribution -------------------- 50% | Hacker-Mutant 25% | Generator-Tank 11% | Generator-Gunner 10% | Mutant Dominant Class ---------------- Mutant | -10/Materials Mutant | -10/Mines Hacker-Mutant | -9/Materials Hacker-Mutant | -9/Mines Hacker-Mutant | -9/Exiles Hacker-Mutant | -8/Mines Hacker-Mutant | -8/Materials Hacker-Mutant | -8/Storage Hacker-Mutant | -7/Factory Generator-Gunner | -7/Lower Caves Generator-Tank | -7/Lower Caves Generator-Tank | -7/Data Miner Generator-Tank | -6/Proximity Caves Generator-Tank | -6/Factory Generator-Tank | -6/Lower Caves Generator-Tank | -6/Lower Caves Generator-Tank | -6/Zion Generator-Gunner | -6/Deep Caves Resources | -11 -10 -10 -9 -9 -9 -8 -8 -8 -7 -7 -7 -7 -6 -6 -6 -6 -6 -6 ----------- Run | Scr Mat Min Mat Min Exi Min Mat Sto Fac Low Low Dat Pro Fac Low Low Zio Dee Matter Collected 1535 | 219 61 35 10 . . 20 60 236 414 59 29 . 28 125 . . 10 229 Remotely . | . . . . . . . . . . . . . . . . . . . Salvage Created 9078 | . 80 84 928 19 . 347 1422 1063 3074 791 406 . 173 105 259 229 . 98 Parts 468 | . 2 12 55 1 . 27 52 71 139 32 21 . 20 7 8 16 . 5 Haulers Intercepted 13 | . . . 5 . . . 3 4 1 . . . . . . . . . Recyclers Shooed 3 | . . . . . . . 1 1 1 . . . . . . . . . Parts Field Recycled . | . . . . . . . . . . . . . . . . . . . Retrieved Matter . | . . . . . . . . . . . . . . . . . . . Parts Self-Destructed 43 | . . . . . . . . . . 9 16 . 8 . 3 7 . . Prevented 62 | . . . . . . . . . . 22 11 . 12 . 7 10 . . Kills | -11 -10 -10 -9 -9 -9 -8 -8 -8 -7 -7 -7 -7 -6 -6 -6 -6 -6 -6 ------- Run | Scr Mat Min Mat Min Exi Min Mat Sto Fac Low Low Dat Pro Fac Low Low Zio Dee Combat Hostiles Destroyed 178 | . 1 2 17 . . 14 19 19 59 16 9 . 10 1 4 6 . 1 Cannons 111 | . . 2 15 . . 10 6 11 34 12 6 . 8 1 2 4 . . AOE 30 | . . . 1 . . 2 8 6 5 2 2 . 1 . . 2 . 1 Classes Destroyed 20 | . 2 3 3 . . . 3 1 6 1 . . . . . . . 1 Worker 9 | . . . . . . . 2 2 5 . . . . . . . . . Builder 7 | . . 1 . 1 . . . . 5 . . . . . . . . . Tunneler 1 | . . 1 . . . . . . . . . . . . . . . . Hauler 13 | . . . 5 . . . 3 4 1 . . . . . . . . . Recycler 2 | . . . . . . . . 1 1 . . . . . . . . . Mechanic 1 | . . . . . . . . . 1 . . . . . . . . . Operator 5 | . 1 . 2 . . . 1 1 . . . . . . . . . . Watcher 7 | . . . 3 . . . 2 2 . . . . . . . . . . Swarmer 37 | . . 2 3 . . 11 . 4 . 4 1 . 7 . . 5 . . Grunt 84 | . 1 . 12 . . 3 11 6 37 6 5 . 1 . 2 . . . Brawler 9 | . . . . . . . 2 . 2 1 2 . 1 . 1 . . . Duelist 6 | . . . . . . . . . 2 3 . . . . 1 . . . Protector 1 | . . . . . . . . . 1 . . . . . . . . . Sentry 20 | . . . 2 . . . 4 7 2 1 1 . 1 1 1 . . . Specialist 5 | . . . . . . . . . 5 . . . . . . . . . Hunter 8 | . . . . . . . 2 2 4 . . . . . . . . . Programmer 4 | . . . . . . . . . 4 . . . . . . . . . Heavy 2 | . . . . . . . . . 2 . . . . . . . . . Behemoth 2 | . . . . . . . . . . 1 . . . . . 1 . . Z-Light 1 | . . . . . . . . . . . . . . . . . . 1 Best Kill Streak 15 | . 1 2 6 1 . 4 6 6 15 9 9 . 4 1 3 3 . 1 Combat Bots Only 11 | . 1 2 5 . . 4 6 4 11 9 9 . 4 1 3 3 . 1 Max Kills in Single Turn 4 | . 1 1 1 1 . 2 4 4 4 2 2 . 1 1 2 2 . 1 Gunslinging . | . . . . . . . . . . . . . . . . . . . Exploded 4 | . . . 1 . . 2 4 2 1 2 2 . 1 . . 2 . 1 Melee . | . . . . . . . . . . . . . . . . . . . Uniques/NPCs Destroyed . | . . . . . . . . . . . . . . . . . . . Combat | -11 -10 -10 -9 -9 -9 -8 -8 -8 -7 -7 -7 -7 -6 -6 -6 -6 -6 -6 -------- Run | Scr Mat Min Mat Min Exi Min Mat Sto Fac Low Low Dat Pro Fac Low Low Zio Dee Damage Taken 8207 | . 259 109 431 . . 417 911 285 3388 492 156 . 250 102 75 79 . 1253 Core 5806 | . 148 55 205 . . 302 712 207 2334 391 113 . 162 75 45 49 . 1008 Absorbed by Shields 821 | . . . . . . . 14 105 478 . 46 . 69 26 22 24 . 37 Redirected to Core 4937 | . 96 47 189 . . 255 515 173 2162 316 79 . 130 54 33 32 . 856 Regen/Repaired (Parts) 64 | . . . . . . . . 64 . . . . . . . . . . Core Remaining (%) 89 | 100 . 89 . . . 79 . 78 . . . . 100 . . . . . Volleys Fired 502 | 3 23 9 77 2 2 36 70 47 136 23 10 . 12 3 5 9 8 27 Largest 3 | 1 1 1 1 1 1 1 1 1 3 3 3 . 3 3 3 3 2 3 Hottest 219 | 50 50 63 63 63 63 63 63 63 195 195 195 . 195 195 195 195 129 219 Shots Fired 759 | 3 23 9 77 2 2 36 70 47 264 66 30 . 28 9 15 27 9 42 Gun 39 | 3 23 2 . . . . . . 5 . . . . . . . . 6 Cannon 711 | . . 7 77 2 2 36 70 45 257 66 30 . 25 9 15 27 9 34 Launcher 9 | . . . . . . . . 2 2 . . . 3 . . . . 2 Special . | . . . . . . . . . . . . . . . . . . . Kinetic 31 | . . . . . . . . . 21 . . . . . . . 8 2 Thermal 39 | 3 23 2 . . . . . . 5 . . . . . . . . 6 Explosive 2 | . . . . . . . . 2 . . . . . . . . . . Electromagnetic 687 | . . 7 77 2 2 36 70 45 238 66 30 . 28 9 15 27 1 34 Robot Hit Streak 51 | . 6 5 27 6 . 8 37 36 29 51 17 . 8 6 10 9 . 11 Robot Miss Streak 3 | . 3 1 2 . . 2 2 1 2 1 2 . 1 1 1 2 . 2 Penetration Max . | . . . . . . . . . . . . . . . . . . . Secondary Targets . | . . . . . . . . . . . . . . . . . . . Shots Hit Robots 596 | . 13 6 68 2 . 28 62 40 222 51 20 . 15 8 12 17 . 32 Core Hits 282 | . 5 4 27 1 . 15 26 30 93 26 11 . 13 2 6 10 . 13 Critical Kills . | . . . . . . . . . . . . . . . . . . . Critical Parts Destroyed . | . . . . . . . . . . . . . . . . . . . Critical Strikes 18 | . 2 . 1 . . . 2 . 6 1 . . . . . 2 . 4 Burn 2 | . 2 . . . . . . . . . . . . . . . . . Blast 5 | . . . . . . . . . 5 . . . . . . . . . Corrupt 11 | . . . 1 . . . 2 . 1 1 . . . . . 2 . 4 Melee Attacks . | . . . . . . . . . . . . . . . . . . . Impact . | . . . . . . . . . . . . . . . . . . . Slashing . | . . . . . . . . . . . . . . . . . . . Piercing . | . . . . . . . . . . . . . . . . . . . Sneak Attacks . | . . . . . . . . . . . . . . . . . . . Combat Hostiles . | . . . . . . . . . . . . . . . . . . . Follow-up Attacks . | . . . . . . . . . . . . . . . . . . . Damage Inflicted 19817 | . 160 125 2032 56 . 728 2741 1891 7668 1547 699 . 656 177 493 484 . 360 Guns 482 | . 160 12 . . . . . . 197 . . . . . . . . 113 Cannons 14901 | . . 113 1867 56 . 674 1801 1157 6088 1229 538 . 319 177 322 381 . 179 Explosions 4422 | . . . 165 . . 54 928 734 1383 318 161 . 337 . 171 103 . 68 Melee . | . . . . . . . . . . . . . . . . . . . Ramming 12 | . . . . . . . 12 . . . . . . . . . . . Kinetic 973 | . . . . . . . . . 869 . . . . . . . . 104 Thermal 3185 | . 160 12 165 . . 54 623 244 1061 318 161 . . . 171 103 . 113 Explosive 957 | . . . . . . . 305 490 162 . . . . . . . . . Electromagnetic 14690 | . . 113 1867 56 . 674 1801 1157 5576 1229 538 . 656 177 322 381 . 143 Impact . | . . . . . . . . . . . . . . . . . . . Slashing . | . . . . . . . . . . . . . . . . . . . Piercing . | . . . . . . . . . . . . . . . . . . . Highest Corruption 20 | . 1 1 . . . . . . 20 20 20 20 20 . . . . 10 Average Corruption 9 | . 1 1 . . . . . . 3 20 20 20 20 . . . . 10 Corruption Purged . | . . . . . . . . . . . . . . . . . . . Corruption Blocked 8 | . . . . . . . . . 8 . . . . . . . . . Effects 92 | . 1 8 . . . . . . 20 22 19 5 16 . . . . 1 Message Errors 26 | . . 3 . . . . . . 7 5 4 2 4 . . . . 1 Matter Fused 18 | . . 1 . . . . . . 4 2 4 1 6 . . . . . Heat Flow Errors 11 | . 1 2 . . . . . . 1 4 3 . . . . . . . Energy Discharges 8 | . . 1 . . . . . . 1 3 1 . 2 . . . . . Parts Rejected 1 | . . . . . . . . . 1 . . . . . . . . . Data Loss (minor) 13 | . . 1 . . . . . . 1 2 5 2 2 . . . . . Data Loss (major) 3 | . . . . . . . . . . 1 1 . 1 . . . . . Misfires 4 | . . . . . . . . . 3 1 . . . . . . . . Alerts 3 | . . . . . . . . . 2 . 1 . . . . . . . Weapon Failures 5 | . . . . . . . . . . 4 . . 1 . . . . . Overload Shots 6 | . . . . . . . . . 6 . . . . . . . . . Effects 2 | . . . . . . . . . 2 . . . . . . . . . Heat Surge 1 | . . . . . . . . . 1 . . . . . . . . . Short Circuit 1 | . . . . . . . . . 1 . . . . . . . . . Overflow Damage 662 | . . 1 58 . . 3 152 112 290 . 2 . 10 . . 5 . 29 Projectiles 389 | . . 1 32 . . 3 85 15 217 . 2 . . . . 5 . 29 Explosions 273 | . . . 26 . . . 67 97 73 . . . 10 . . . . . Melee . | . . . . . . . . . . . . . . . . . . . Knockbacks 13 | . . . . . . . . . 12 . . . . . . . . 1 Impact . | . . . . . . . . . . . . . . . . . . . Kinetic 11 | . . . . . . . . . 10 . . . . . . . . 1 Secondary 2 | . . . . . . . . . 2 . . . . . . . . . Self-Inflicted Damage 1063 | . . . 35 . . 11 433 116 388 19 29 . . . 32 . . . Shots 25 | . . . 2 . . 1 7 3 9 1 1 . . . 1 . . . Rammed 1 | . . . . . . . 1 . . . . . . . . . . . Targets Rammed 1 | . . . . . . . 1 . . . . . . . . . . . Kicked . | . . . . . . . . . . . . . . . . . . . Crushed . | . . . . . . . . . . . . . . . . . . . Highest Temperature 392 | 30 359 107 15 . . 26 14 48 336 260 74 . 60 34 39 60 392 73 Average Temperature 65 | 16 162 30 4 . . 14 4 13 98 70 29 . 26 23 24 29 224 23 Received Heat Transfer 2307 | . 147 18 156 . . 135 201 54 936 108 34 . 63 20 18 . . 417 Effects 3 | . 1 . . . . . . . 2 . . . . . . . . . Energy Bleed 3 | . 1 . . . . . . . 2 . . . . . . . . . Siege Activations . | . . . . . . . . . . . . . . . . . . . Robots Corrupted 39 | . . . 2 . . 2 7 2 20 2 1 . 1 . 2 . . . Combat Hostiles 36 | . . . 1 . . 2 5 2 20 2 1 . 1 . 2 . . . Parts Fried 98 | . . . 12 . . 4 15 5 46 8 . . 3 . 2 1 . 2 Impact Corruptions 1 | . . . . . . . . . 1 . . . . . . . . . Robots Melted 1 | . 1 . . . . . . . . . . . . . . . . . Combat Hostiles 1 | . 1 . . . . . . . . . . . . . . . . . Parts Melted 3 | . 1 . . . . 1 . . 1 . . . . . . . . . Heat Transferred 3428 | . 629 37 200 . . 100 450 300 1150 200 100 . . . 176 50 . 36 Parts Sabotaged . | . . . . . . . . . . . . . . . . . . . Parts Stolen . | . . . . . . . . . . . . . . . . . . . Parts Stripped . | . . . . . . . . . . . . . . . . . . . Power Chain Reactions 30 | . . . 5 . . 1 3 4 10 4 1 . . . 1 1 . . Missiles Intercepted . | . . . . . . . . . . . . . . . . . . . Alert | -11 -10 -10 -9 -9 -9 -8 -8 -8 -7 -7 -7 -7 -6 -6 -6 -6 -6 -6 ------- Run | Scr Mat Min Mat Min Exi Min Mat Sto Fac Low Low Dat Pro Fac Low Low Zio Dee Peak Influence 1797 | . 65 201 372 119 . 233 516 341 1797 . . . . 467 . . . . Initial 238 | . . 25 15 114 . . . . 91 . . . . 238 . . . . Average 287 | . 18 118 186 115 . 103 128 132 682 . . . . 300 . . . . Maximum Alert Level 5 | . . 1 1 . . 1 2 1 5 . . . . 2 . . . . Low Security (%) 62 | 100 100 88 53 100 . 94 87 70 32 . . . . 10 . . . . Level 1 23 | . . 11 46 . . 5 5 29 19 . . . . 85 . . . . Level 2 4 | . . . . . . . 7 . 12 . . . . 4 . . . . Level 3 1 | . . . . . . . . . 4 . . . . . . . . . Level 4 3 | . . . . . . . . . 14 . . . . . . . . . Level 5 4 | . . . . . . . . . 15 . . . . . . . . . High Security . | . . . . . . . . . . . . . . . . . . . Max Security . | . . . . . . . . . . . . . . . . . . . Squads Dispatched 31 | . 2 1 3 . . . 2 3 18 . . . . 2 . . . . Investigation 9 | . . 1 . . . . . 3 4 . . . . 1 . . . . Extermination 4 | . . . . . . . . . 3 . . . . 1 . . . . Reinforcement 13 | . 2 . 3 . . . 1 . 7 . . . . . . . . . Assault 2 | . . . . . . . . . 2 . . . . . . . . . Garrison 3 | . . . . . . . 1 . 2 . . . . . . . . . Intercept . | . . . . . . . . . . . . . . . . . . . Searches Triggered . | . . . . . . . . . . . . . . . . . . . Construction Impeded 1 | . . . . . . . . . 1 . . . . . . . . . Haulers Reinforced . | . . . . . . . . . . . . . . . . . . . Active Scanning Responses . | . . . . . . . . . . . . . . . . . . . Cargo Convoy Interrupts 1 | . . . . . . . . . 1 . . . . . . . . . Stealth | -11 -10 -10 -9 -9 -9 -8 -8 -8 -7 -7 -7 -7 -6 -6 -6 -6 -6 -6 --------- Run | Scr Mat Min Mat Min Exi Min Mat Sto Fac Low Low Dat Pro Fac Low Low Zio Dee Distress Signals 10 | . . . 3 . . . 4 2 1 . . . . . . . . . Communications Jammed . | . . . . . . . . . . . . . . . . . . . Distress Signals . | . . . . . . . . . . . . . . . . . . . Times Spotted 264 | . 4 13 39 . . 13 33 25 76 16 11 . 12 6 7 6 . 3 Peak Tracking Total 9 | . 3 3 6 . 9 4 6 5 7 9 9 . 5 3 3 3 . 2 Tactical Retreats 20 | . 1 1 6 . . . 1 1 10 . . . . . . . . . Traps | -11 -10 -10 -9 -9 -9 -8 -8 -8 -7 -7 -7 -7 -6 -6 -6 -6 -6 -6 ------- Run | Scr Mat Min Mat Min Exi Min Mat Sto Fac Low Low Dat Pro Fac Low Low Zio Dee Traps Triggered 7 | . 1 . . . . . . 2 3 . . . . 1 . . . . Indirectly . | . . . . . . . . . . . . . . . . . . . Trap Hack Attempts . | . . . . . . . . . . . . . . . . . . . Triggered . | . . . . . . . . . . . . . . . . . . . Disarmed . | . . . . . . . . . . . . . . . . . . . Reprogrammed . | . . . . . . . . . . . . . . . . . . . Reused . | . . . . . . . . . . . . . . . . . . . Traps Extracted . | . . . . . . . . . . . . . . . . . . . Installed 3 | . . 3 . . . . . . . . . . . . . . . . Triggered 4 | . . . 3 . . . . . 1 . . . . . . . . . Machines | -11 -10 -10 -9 -9 -9 -8 -8 -8 -7 -7 -7 -7 -6 -6 -6 -6 -6 -6 ---------- Run | Scr Mat Min Mat Min Exi Min Mat Sto Fac Low Low Dat Pro Fac Low Low Zio Dee Machines Disabled 37 | . . 2 . . 2 . 5 7 21 . . . . . . . . . Max in Single Turn 10 | . . 1 . . 1 . 2 2 10 . . . . . . . . . Garrison Access 4 | . . . . . . . 1 1 2 . . . . . . . . . Machines Sabotaged . | . . . . . . . . . . . . . . . . . . . Garrisons Compromised 1 | . . . . . . . . . 1 . . . . . . . . . Overloaded Fab Kills . | . . . . . . . . . . . . . . . . . . . Hacking | -11 -10 -10 -9 -9 -9 -8 -8 -8 -7 -7 -7 -7 -6 -6 -6 -6 -6 -6 --------- Run | Scr Mat Min Mat Min Exi Min Mat Sto Fac Low Low Dat Pro Fac Low Low Zio Dee Machines Accessed 45 | . . 1 4 . 2 2 7 13 5 1 . 4 . 4 . 1 1 . Terminals 26 | . . . 4 . . 2 6 9 2 . . . . 3 . . . . Fabricators 2 | . . . . . . . . . 1 . . . . 1 . . . . Repair Stations 1 | . . . . . . . . 1 . . . . . . . . . . Recycling Units 3 | . . . . . . . . 2 1 . . . . . . . . . Scanalyzers . | . . . . . . . . . . . . . . . . . . . Garrison Access 3 | . . . . . . . 1 1 1 . . . . . . . . . Total Hacks 144 | . . 1 12 . 2 5 31 34 10 1 . 30 . 11 . 1 6 . Successful 116 | . . 1 6 . 2 3 24 27 8 1 . 30 . 7 . 1 6 . Failed 26 | . . . 5 . . 1 7 7 2 . . . . 4 . . . . Catastrophic 2 | . . . . . . . 1 . 1 . . . . . . . . . Database Lockouts 2 | . . . 1 . . 1 . . . . . . . . . . . . Manual 62 | . . . 10 . 1 6 28 12 2 . . . . 3 . . . . Terminals 85 | . . . 12 . . 5 30 25 6 . . . . 7 . . . . Fabricators 6 | . . . . . . . . . 2 . . . . 4 . . . . Repair Stations 3 | . . . . . . . . 3 . . . . . . . . . . Recycling Units 6 | . . . . . . . . 5 1 . . . . . . . . . Scanalyzers . | . . . . . . . . . . . . . . . . . . . Garrison Access 3 | . . . . . . . 1 1 1 . . . . . . . . . Terminal Hacks 93 | . . 1 5 . 2 3 19 16 4 1 . 30 . 5 . 1 6 . Record 12 | . . . . . 1 . . . . . . 11 . . . . . . Part Schematic 20 | . . . 1 . . . . 2 . . . 11 . . . . 6 . Robot Schematic 7 | . . . . . . . . 1 . . . 5 . 1 . . . . Robot Analysis 3 | . . . . . . . 2 . . . . . . 1 . . . . Prototype ID Bank 13 | . . . 2 . . 1 5 1 1 . . 3 . . . . . . Open Door 5 | . . 1 . . . . . 2 . 1 . . . . . 1 . . Branch Access Points 3 | . . . . . . . 1 . 1 . . . . 1 . . . . Emergency Access Points 1 | . . . . . . . 1 . . . . . . . . . . . Terminal Index 2 | . . . 1 . . . . 1 . . . . . . . . . . Recycling Unit Index 1 | . . . . . . . . 1 . . . . . . . . . . Alert Level 1 | . . . . . . 1 . . . . . . . . . . . . Unreport Threat 12 | . . . 1 . . 1 5 3 . . . . . 2 . . . . Locate Traps 5 | . . . . . . . 4 1 . . . . . . . . . . Investigation Status 1 | . . . . . . . . 1 . . . . . . . . . . Reinforcement Status 1 | . . . . . . . . 1 . . . . . . . . . . Hauler Manifests 2 | . . . . . . . . 1 1 . . . . . . . . . Zone Layout 3 | . . . . . . . 1 1 1 . . . . . . . . . EX-Prototype ID Bank 1 | . . . . . 1 . . . . . . . . . . . . . Fabricator Hacks 3 | . . . . . . . . . 1 . . . . 2 . . . . Network Status 1 | . . . . . . . . . 1 . . . . . . . . . Load Schematic 1 | . . . . . . . . . . . . . . 1 . . . . Build 1 | . . . . . . . . . . . . . . 1 . . . . Repair Station Hacks 3 | . . . . . . . . 3 . . . . . . . . . . Scan Component 1 | . . . . . . . . 1 . . . . . . . . . . Repair 1 | . . . . . . . . 1 . . . . . . . . . . Refit 1 | . . . . . . . . 1 . . . . . . . . . . Recycling Unit Hacks 2 | . . . . . . . . 2 . . . . . . . . . . Report Inventory 2 | . . . . . . . . 2 . . . . . . . . . . Scanalyzer . | . . . . . . . . . . . . . . . . . . . Garrison Access Hacks 3 | . . . . . . . 1 1 1 . . . . . . . . . Seal Access 3 | . . . . . . . 1 1 1 . . . . . . . . . Unauthorized Hacks 12 | . . . 1 . . . 4 5 2 . . . . . . . . . Terminals 7 | . . . 1 . . . 4 2 . . . . . . . . . . Assimilate 2 | . . . . . . . 2 . . . . . . . . . . . Botnet 4 | . . . 1 . . . 1 2 . . . . . . . . . . Operators 1 | . . . . . . . 1 . . . . . . . . . . . Fabricators 1 | . . . . . . . . . 1 . . . . . . . . . Liberate 1 | . . . . . . . . . 1 . . . . . . . . . Repair Stations . | . . . . . . . . . . . . . . . . . . . Recycling Units 4 | . . . . . . . . 3 1 . . . . . . . . . Recyclers 1 | . . . . . . . . 1 . . . . . . . . . . Tunnel 3 | . . . . . . . . 2 1 . . . . . . . . . Scanalyzers . | . . . . . . . . . . . . . . . . . . . Garrison Access . | . . . . . . . . . . . . . . . . . . . Data Cores Recovered . | . . . . . . . . . . . . . . . . . . . Used . | . . . . . . . . . . . . . . . . . . . Hacking Detections 25 | . . . 4 . . 2 6 7 2 . . . . 4 . . . . Full Trace Events 6 | . . . 1 . . 1 1 1 1 . . . . 1 . . . . Feedback Events . | . . . . . . . . . . . . . . . . . . . Feedback Blocked . | . . . . . . . . . . . . . . . . . . . Robot Schematics Acquired 7 | . . . . . . . . 1 . . . 5 . 1 . . . . Robots Built . | . . . . . . . . . . . . . . . . . . . Authchips . | . . . . . . . . . . . . . . . . . . . Time . | . . . . . . . . . . . . . . . . . . . Total Robot Build Rating . | . . . . . . . . . . . . . . . . . . . Part Schematics Acquired 20 | . . . 1 . . . . 2 . . . 11 . . . . 6 . Parts Built 1 | . . . . . . . . . . . . . . 1 . . . . Authchips . | . . . . . . . . . . . . . . . . . . . Time 152 | . . . . . . . . . . . . . . 152 . . . . Total Part Build Rating 5 | . . . . . . . . . . . . . . 5 . . . . Parts Repaired 1 | . . . . . . . . 1 . . . . . . . . . . Time 38 | . . . . . . . . 38 . . . . . . . . . . Parts Recycled . | . . . . . . . . . . . . . . . . . . . Recycled Matter . | . . . . . . . . . . . . . . . . . . . Retrieved Matter . | . . . . . . . . . . . . . . . . . . . Retrieved Components . | . . . . . . . . . . . . . . . . . . . Parts Scanalyzed . | . . . . . . . . . . . . . . . . . . . Part Schematics Acquired . | . . . . . . . . . . . . . . . . . . . Parts Damaged . | . . . . . . . . . . . . . . . . . . . Bothacking | -11 -10 -10 -9 -9 -9 -8 -8 -8 -7 -7 -7 -7 -6 -6 -6 -6 -6 -6 ------------ Run | Scr Mat Min Mat Min Exi Min Mat Sto Fac Low Low Dat Pro Fac Low Low Zio Dee Used RIF Installer . | . . . . . . . . . . . . . . . . . . . Robots Hacked . | . . . . . . . . . . . . . . . . . . . Non-combat . | . . . . . . . . . . . . . . . . . . . Combat . | . . . . . . . . . . . . . . . . . . . Robot Hacks Applied . | . . . . . . . . . . . . . . . . . . . Relay Couplers Released 2 | . . . . . . . . . 2 . . . . . . . . . Machine Destruction 2 | . . . . . . . . . 2 . . . . . . . . . Fabnet Peak Effective % . | . . . . . . . . . . . . . . . . . . . Robots Rewired 4 | . . . . . . . . . . 2 2 . . . . . . . Allies Hacked 1 | . . . . . . . . . . . . . . 1 . . . . Hacks Repelled . | . . . . . . . . . . . . . . . . . . . Allies | -11 -10 -10 -9 -9 -9 -8 -8 -8 -7 -7 -7 -7 -6 -6 -6 -6 -6 -6 -------- Run | Scr Mat Min Mat Min Exi Min Mat Sto Fac Low Low Dat Pro Fac Low Low Zio Dee Total Allies 10 | . . 4 . . . . . 1 . 2 2 . 1 . . . . . Largest Group 4 | . . 3 1 . . . . 1 . 2 3 3 4 4 4 2 2 2 Highest-Rated Group 156 | . . 55 16 . . . . 100 . 36 60 60 156 156 156 116 116 116 Highest-Rated Ally 100 | . . 31 16 . . . . 100 . 20 20 20 96 96 96 96 96 96 Total Orders . | . . . . . . . . . . . . . . . . . . . Ally Attacks 103 | . . 35 2 . . . . . . 4 5 . 9 12 12 8 . 16 Total Damage 2111 | . . 360 32 . . . . . . 71 35 . 187 435 354 360 . 277 Kills 24 | . . 10 . . . . . . . . 1 . 2 5 3 2 . 1 Allies Corrupted . | . . . . . . . . . . . . . . . . . . . Allies Melted . | . . . . . . . . . . . . . . . . . . . Intel | -11 -10 -10 -9 -9 -9 -8 -8 -8 -7 -7 -7 -7 -6 -6 -6 -6 -6 -6 ------- Run | Scr Mat Min Mat Min Exi Min Mat Sto Fac Low Low Dat Pro Fac Low Low Zio Dee Robot Analysis Total 3 | . . . . . . . 2 . . . . . . 1 . . . . Derelict Logs Recovered 9 | . . 1 . . . . . . . 2 1 . 1 . 1 1 2 . Drone Launches . | . . . . . . . . . . . . . . . . . . . Drone Recoveries . | . . . . . . . . . . . . . . . . . . . Exploration | -11 -10 -10 -9 -9 -9 -8 -8 -8 -7 -7 -7 -7 -6 -6 -6 -6 -6 -6 ------------- Run | Scr Mat Min Mat Min Exi Min Mat Sto Fac Low Low Dat Pro Fac Low Low Zio Dee Turns Passed 10853 | 55 152 836 913 137 573 571 848 1144 1837 456 409 105 322 421 402 527 886 259 Spaces Moved 6971 | 60 106 611 547 107 447 370 523 636 900 308 257 84 207 205 294 430 720 159 Core 36 | 35 . . . . . . . 1 . . . . . . . . . . Treads . | . . . . . . . . . . . . . . . . . . . Legs . | . . . . . . . . . . . . . . . . . . . Wheels 6935 | 25 106 611 547 107 447 370 523 635 900 308 257 84 207 205 294 430 720 159 Hover . | . . . . . . . . . . . . . . . . . . . Flight . | . . . . . . . . . . . . . . . . . . . Fastest Speed 50 | 50 80 110 125 125 125 110 110 110 115 115 115 115 115 115 115 115 115 115 Average Speed 123 | 70 89 121 125 125 125 124 124 145 135 115 115 115 115 115 115 115 115 115 Slowest Speed 200 | 100 110 125 125 125 125 125 125 200 185 115 115 115 115 115 115 115 115 115 Overloaded Moves . | . . . . . . . . . . . . . . . . . . . Propulsion Burnouts . | . . . . . . . . . . . . . . . . . . . Robots Hopped . | . . . . . . . . . . . . . . . . . . . Cave-ins Triggered . | . . . . . . . . . . . . . . . . . . . Exploration Rate (%) 53 | 4 22 97 54 33 88 87 60 95 27 50 50 70 45 5 47 73 81 22 Regions Visited 18 Branch Regions 13 Pre-discovered Areas 9 | . . . . . 1 . . 2 1 1 . 1 . . . 1 2 . Known Exits Taken 5 | . . . . . . . 1 . 1 1 . . 1 1 . . . . Unknown Exits Taken 13 | 1 1 1 1 1 1 1 . 1 . . 1 1 . . 1 1 1 . Scrap Searched 11 | . . 1 . . . 1 . . . 1 2 . 1 . . 1 4 . Spaces Dug 3 | . . . . . . . . . . . . . . . . . 3 . Terrain Destroyed 209 | . . . 19 . . 3 62 15 75 10 6 . . . 9 5 4 1 Melee . | . . . . . . . . . . . . . . . . . . . Projectile 11 | . . . . . . . . . 6 . . . . . . . 4 1 AOE 198 | . . . 19 . . 3 62 15 69 10 6 . . . 9 5 . . Terrain Rammed . | . . . . . . . . . . . . . . . . . . . Walls Destroyed . | . . . . . . . . . . . . . . . . . . . Machines Disabled . | . . . . . . . . . . . . . . . . . . . Actions | -11 -10 -10 -9 -9 -9 -8 -8 -8 -7 -7 -7 -7 -6 -6 -6 -6 -6 -6 --------- Run | Scr Mat Min Mat Min Exi Min Mat Sto Fac Low Low Dat Pro Fac Low Low Zio Dee Total 8563 | 67 139 694 703 108 462 445 649 804 1253 368 352 92 272 385 349 446 769 206 Wait 579 | 2 4 54 37 . 3 20 32 52 55 6 51 9 21 167 40 3 12 11 Move 6953 | 59 105 610 546 106 446 369 522 635 899 307 256 83 206 204 293 429 719 159 Hop . | . . . . . . . . . . . . . . . . . . . Pick Up 36 | . 1 2 6 . 4 3 5 2 9 . . . 1 2 . . 1 . Fast Attach 61 | 3 4 1 1 . . 1 4 15 10 4 1 . . 4 . . 10 3 Attach 13 | . . . . . . . 1 2 7 . . . . 1 . . 2 . Detach 14 | . . . . . . 1 3 3 1 . . . . . . . 4 2 Swap 19 | . 1 2 . . 1 . 2 3 5 . . . 2 . . . 2 1 Drop 67 | . 1 5 5 . 6 4 5 12 12 2 . . . 4 . . 9 2 Fire 502 | 3 23 9 77 2 2 36 70 47 136 23 10 . 12 3 5 9 8 27 Melee . | . . . . . . . . . . . . . . . . . . . Ram 1 | . . . . . . . 1 . . . . . . . . . . . Kick . | . . . . . . . . . . . . . . . . . . . Crush . | . . . . . . . . . . . . . . . . . . . Escape Stasis . | . . . . . . . . . . . . . . . . . . . Rewire 23 | . . . . . . . . . 1 12 9 . . . . . . 1 Trap 3 | . . 3 . . . . . . . . . . . . . . . . Miscellaneous 292 | . . 8 31 . . 11 4 33 118 14 25 . 30 . 11 5 2 . Route ------- -11/Scrapyard -10/Materials -10/Mines (discovered 2 exits: *Mat x2) -9/Materials (discovered 2 exits: *Mat / [*Min]) -9/Mines -9/Exiles (discovered 2 exits: *Min x2) -8/Mines (discovered 2 exits: *Mat x2) -8/Materials (discovered 2 exits: *Fac / *Sto) -8/Storage -7/Factory (discovered 2 exits: *Low x2) -7/Lower Caves -7/Lower Caves -7/Data Miner -6/Proximity Caves -6/Factory (discovered 2 exits: *Low x2) -6/Lower Caves -6/Lower Caves (discovered 2 exits: [*Fac] / *Zio) -6/Zion (discovered 2 exits: [*Dee] / [*Pro]) -6/Deep Caves History --------- Turn | Location | Event 5 | -11/Scrapyard | Discovered new exit (range 15) 56 | -11/Scrapyard | Entered Materials 123 | -10/Materials | Discovered new exit (range 13) 131 | -10/Materials | Upgraded with Utility slot (x1) 134 | -10/Materials | Upgraded with Utility slot (x2) 208 | -10/Materials | Entered Mines 213 | -10/Mines | Assisted by bots powering up and referring to "LRC-V3" 311 | -10/Mines | Build established: Mutant 377 | -10/Mines | Met a Derelict shopkeep closing up shop 434 | -10/Mines | Discovered new exit (range 6) 467 | -10/Mines | Discovered new exit (range 9) 636 | -10/Mines | A weapon hastily lodged in a ceiling crevice suddenly fell to the ground 642 | -10/Mines | Learned 2 Materials zone layouts 660 | -10/Mines | Received a Mining Laser from a helpful Derelict 761 | -10/Mines | Reached level 2 838 | -10/Mines | Found a hidden stash of uninstalled traps 1044 | -10/Mines | Entered Materials 1044 | -9/Materials | Accompanied by 1 ally 1046 | -9/Materials | Reached level 3 1335 | -9/Materials | Discovered new exit (range 13) 1354 | -9/Materials | Reached level 4 1425 | -9/Materials | Build established: Hacker-Mutant 1528 | -9/Materials | Discovered new exit (range 7) 1652 | -9/Materials | Reached level 5 1732 | -9/Materials | Central database locked down 1957 | -9/Materials | Entered Mines 2089 | -9/Mines | Deemed a non-threat by the Exiles lab entrance 2089 | -9/Mines | Discovered new exit (range 5) 2094 | -9/Mines | Entered Exiles 2113 | -9/Exiles | Discovered new exit (range 15) 2128 | -9/Exiles | Met 8R-AWN 2147 | -9/Exiles | Met EX-HEX 2263 | -9/Exiles | Met EX-BIN 2281 | -9/Exiles | Aligned with FarCom system 2282 | -9/Exiles | Given EX-Vault access code 2312 | -9/Exiles | Opened EX-Vault 2318 | -9/Exiles | Found Cloak of Protection 2346 | -9/Exiles | Warned to stay clear of 0b10 Research branches 2380 | -9/Exiles | Met EX-DEC 2456 | -9/Exiles | Visited The Gauntlet 2593 | -9/Exiles | Learned location of Zion (-6) 2638 | -9/Exiles | Attacked by the Exiles 2657 | -9/Exiles | Discovered new exit (range 10) 2667 | -9/Exiles | Left Exiles lab with Cloak of Protection 2667 | -9/Exiles | Entered Mines 2669 | -8/Mines | Reached level 6 2696 | -8/Mines | Central database locked down 2744 | -8/Mines | Discovered new exit (range 6) 3034 | -8/Mines | Reached level 7 3218 | -8/Mines | Discovered new exit (range 5) 3238 | -8/Mines | Entered Materials 3240 | -8/Materials | Reached level 8 3370 | -8/Materials | Identified exit to Storage 3396 | -8/Materials | Upgraded with Utility slot (x1) 3448 | -8/Materials | Core integrity fell below 50% 3474 | -8/Materials | Reached level 9 3474 | -8/Materials | Garrison activated, responded to threat 3475 | -8/Materials | Core integrity fell below 20% 3536 | -8/Materials | Discovered new exit (range 16) 3712 | -8/Materials | Upgraded with Utility slot (x1) 3731 | -8/Materials | Reached level 10 3856 | -8/Materials | Upgraded with Power slot (x2) 4086 | -8/Materials | Entered Storage 4151 | -8/Storage | Repaired EM Pulse Cannon 4218 | -8/Storage | Reached level 11 4798 | -8/Storage | Reached level 12 4884 | -8/Storage | Discovered new exit (range 5) 4945 | -8/Storage | Met 01-MTF 5230 | -8/Storage | Entered Factory 5230 | -7/Factory | Accompanied by 1 ally (01-MTF) 5232 | -7/Factory | Reached level 13 5235 | -7/Factory | 01-MTF left 5572 | -7/Factory | Upgraded with Weapon slot (x1) 5573 | -7/Factory | Upgraded with Utility slot (x1) 5575 | -7/Factory | Found Powered Armor 5700 | -7/Factory | Reached level 14 6267 | -7/Factory | Garrison activated, responded to threat 6286 | -7/Factory | Cargo convoy interrupted 6308 | -7/Factory | Reached level 15 6384 | -7/Factory | Destroyed 11 combat bots 6430 | -7/Factory | First assault squad dispatched 6494 | -7/Factory | Reached level 16 6496 | -7/Factory | Core integrity fell below 50% 6522 | -7/Factory | Destroyed 8 combat bots 6568 | -7/Factory | Upgraded with Propulsion slot (x1) 6607 | -7/Factory | Garrison activated, responded to threat 6665 | -7/Factory | Upgraded with Weapon slot (x1) 6790 | -7/Factory | Discovered new exit (range 3) 6843 | -7/Factory | System corruption reached 10% 7021 | -7/Factory | Identified exit to Lower Caves 7067 | -7/Factory | Entered Lower Caves 7069 | -7/Lower Caves | Reached level 17 7245 | -7/Lower Caves | Build established: Generator-Gunner 7254 | -7/Lower Caves | Spotted B-75 Beast 7268 | -7/Lower Caves | Destroyed B-75 Beast 7342 | -7/Lower Caves | Attracted the attention of an 0b10 outpost 7393 | -7/Lower Caves | Destroyed 9 combat bots 7404 | -7/Lower Caves | Identified exit to Lower Caves 7523 | -7/Lower Caves | Entered another Lower Caves area 7523 | -7/Lower Caves | Accompanied by 2 allies 7523 | -7/Lower Caves | Spotted FH-0BP(f) 7524 | -7/Lower Caves | Encountered a Master Thief 7525 | -7/Lower Caves | Allies destroyed FH-0BP(f) 7590 | -7/Lower Caves | Attracted the attention of an 0b10 outpost 7636 | -7/Lower Caves | Destroyed 9 combat bots 7875 | -7/Lower Caves | Encountered a Warlord checkpoint 7899 | -7/Lower Caves | Build established: Generator-Tank 7903 | -7/Lower Caves | Discovered new exit (range 16) 7932 | -7/Lower Caves | Entered Data Miner 7932 | -7/Data Miner | Accompanied by 3 allies 7932 | -7/Data Miner | Discovered new exit (range 6) 7954 | -7/Data Miner | Met Data Miner 7985 | -7/Data Miner | Learned location of Section 7 (-2) 7985 | -7/Data Miner | Acquired the access code to Warlord's prototype stash 7997 | -7/Data Miner | Received God Mode back door access code from Data Miner 8037 | -7/Data Miner | Entered Proximity Caves 8037 | -6/Proximity Caves | Accompanied by 3 allies 8039 | -6/Proximity Caves | Reached level 18 8077 | -6/Proximity Caves | Identified exit to Factory 8159 | -6/Proximity Caves | Escorted by Enhanced Grunt 8232 | -6/Proximity Caves | Attracted the attention of an 0b10 checkpoint 8359 | -6/Proximity Caves | Entered Factory 8359 | -6/Factory | Accompanied by 4 allies 8361 | -6/Factory | Reached level 19 8528 | -6/Factory | Fabricated Thermal Defense Suite (x1) 8530 | -6/Factory | Upgraded with Utility slot (x1) 8588 | -6/Factory | Identified exit to Lower Caves 8780 | -6/Factory | Entered Lower Caves 8780 | -6/Lower Caves | Accompanied by 4 allies 8820 | -6/Lower Caves | Attracted the attention of an 0b10 checkpoint 8886 | -6/Lower Caves | Encountered a Warlord checkpoint 9027 | -6/Lower Caves | Learned location of 1 exit from Factory 9140 | -6/Lower Caves | Discovered new exit (range 9) 9182 | -6/Lower Caves | Entered another Lower Caves area 9182 | -6/Lower Caves | Accompanied by 2 allies 9184 | -6/Lower Caves | Reached level 20 9198 | -6/Lower Caves | Discovered new exit (range 8) 9200 | -6/Lower Caves | Encountered a Warlord checkpoint 9238 | -6/Lower Caves | Spotted B-75 Beast 9248 | -6/Lower Caves | Destroyed B-75 Beast 9493 | -6/Lower Caves | Learned location of Extension (-4) 9693 | -6/Lower Caves | Discovered new exit (range 9) 9709 | -6/Lower Caves | Entered Zion 9709 | -6/Zion | Accompanied by 2 allies 9750 | -6/Zion | Discovered new exit (range 12) 9918 | -6/Zion | Learned Factory emergency access door positions 10024 | -6/Zion | Learned location of Quarantine (-2) 10152 | -6/Zion | Learned Factory recycling unit intel 10339 | -6/Zion | Given A8's code to call for help 10381 | -6/Zion | Learned location of Warlord (-4) 10418 | -6/Zion | Found Prototype Processor 10418 | -6/Zion | Identified Exp. Armor Integrity Analyzer 10422 | -6/Zion | Found Prototype Processor 10422 | -6/Zion | Identified Exp. Targeting Computer 10450 | -6/Zion | Upgraded with Utility slot (x1) 10561 | -6/Zion | Discovered new exit (range 4) 10584 | -6/Zion | Saw the warning signs outside the Deep Caves entrance 10595 | -6/Zion | Entered Deep Caves 10595 | -6/Deep Caves | Accompanied by 2 allies 10751 | -6/Deep Caves | Attacked by Z-Imprinter 10820 | -6/Deep Caves | Core integrity fell below 50% 10834 | -6/Deep Caves | System corruption reached 10% 10839 | -6/Deep Caves | Core integrity fell below 20% 10854 | -6/Deep Caves | Destroyed by Z-Imprinter with Zionite Laser-M Last Messages --------------- EN-VUD(z) destroyed. Enhanced Grunt heat spikes uncontrollably. Enhanced Grunt heat damages Lyr. Medium Armor Plating. Enhanced Grunt heat short circuits Adv. Heat Sink. Enhanced Grunt destroyed. Destroyed Adv. Phase Shifter. Acquired 99 matter. Acquired 92 matter. Dropped Hvy. Assault Cannon. Acquired Corrupted Prototype Energy Gun. Identified Zio. Laser-S. Integrated Corrupted Zio. Laser-S (+10). Acquired Zio. Laser-S. Zio. Laser-S destroyed. TPR% AFFH>NS|0I%FNGW,E I1VWE4S9=>&|40AM Acquired 38 matter. Dropped Imp. EM Pulse Cannon. Acquired Hvy. Assault Cannon. Destroyed Prototype Hover Unit. Z-Imprinter knocked back. Map ----- +----------------------------------------------------+ | | | | | | | | | | | | | | | | | | | | | | | | | | | ?????????????????????????????????????????????????? | | ???????????????????????????????###########???????? | | ?####?????????????????????#################??????? | | #######???########???????######## ## ###??????? | | ### ###?###########??????### ##??????? | | # # ####### ###??###### ! ##??????? | | ##### ##??######/ ## ###??????? | | ##??## #### ####??????? | | ##??## #### ## ####??????? | | ###??## "####### ###??????? | | ####### ###### ##??????? | | ####### ;;# ##??????? | | ! ;;;;;;; @]! ##??????? | | =% % !!%! ###??????? | | ! !!! ######??????? | | % ; ########????? | | I;;; ; # #########???? | | #;# ### # #### ###???? | | ## ##### ## ## #### ##???? | | ############ ### ### ###???? | | ########### #### ### ####??? | | ##?###### #### ### ####?? | | ##?### #### ## ####? | | ##?## ##### ## ###? | | ###?## ###### ## ##? | | ###?### ###### ##? | | ##?### ##### ##? | | ##??## #### ## ###? | | ###??### #### ### ######? | | ? ####??##### ### #### #####?? | | ????? ###???##### ## #### ##????? | | ????????? #???###### # #### ##????? | | ????????????????????### # #### ##????? | | ????????????????????## ## #### #### ##????? | | ????????????????????## ########## #### ##????? | | ????????????????????### ######### ##### ##????? | | ????????????????????### ####???## ##### ###???? | +----------------------------------------------------+ Best States ------------- Heat Dissipation 103 Energy Generation 59 Energy Capacity 1010 Matter Stores 300 Matter Capacity 300 Sight Range 16 Terrain Scan Density 10 Cloak Strength 5 Additional Mass Support 12 Corruption Block 8 Armor Coverage 675 Resistance: KI 20 Resistance: TH 20 Weapon Cycling 15 Evasion (%) 44 Target Analysis 8 Armor Integrity Analysis 50 Particle Charging 15 Offensive Hacking 30 Defensive Hacking 10 Item Schematics ----------------- Trap Extractor | -9/Materials | Hacked Force Field | -8/Storage | Hacked Proton Missile Launcher | -8/Storage | Hacked Combat Drone Bay | -7/Data Miner | Free Lgt. Regenerative Plating | -7/Data Miner | Free Cld. Aerolev Unit | -7/Data Miner | Free Thermal Defense Suite | -7/Data Miner | Free Antimatter Cannon | -7/Data Miner | Free Gyrokinetic Inverter | -7/Data Miner | Free Imp. Coolant Injector | -7/Data Miner | Free Wave Gun | -7/Data Miner | Free Lance | -7/Data Miner | Free Mni. Drone Bay | -7/Data Miner | Free Adv. Coolant Injector | -7/Data Miner | Free Beamcaster | -6/Zion | Free Riot Gun | -6/Zion | Free Hvy. Riot Gun | -6/Zion | Free Arc Thrower | -6/Zion | Free Flamer | -6/Zion | Free Phasing Sabre | -6/Zion | Free Robot Schematics ------------------ O-24 Administrator | -8/Storage | Hacked L-41 Fighter | -7/Data Miner | Free A-15 Conveyor | -7/Data Miner | Free Y-54 Guardian | -7/Data Miner | Free R-10 Processor | -7/Data Miner | Free M-22 Extractor | -7/Data Miner | Free E-15 Imp | -6/Factory | Hacked Fabricated ------------ Thermal Defense Suite | x1 | -6/Factory Alien Tech Used ----------------- None Achievements -------------- None Challenges ------------ None RPGLIKE | -11 -10 -10 -9 -9 -9 -8 -8 -8 -7 -7 -7 -7 -6 -6 -6 -6 -6 -6 --------- Run | Scr Mat Min Mat Min Exi Min Mat Sto Fac Low Low Dat Pro Fac Low Low Zio Dee Levels Raised 19 | . . 1 3 . . 2 3 2 4 1 . . 1 1 . 1 . . XP Earned 32098 | 3000 150 2260 4030 500 350 2100 4514 3261 6684 582 339 152 1629 1173 551 463 118 242 XP Spent 30640 | . 2970 . 4750 . . 300 8230 1500 6990 . . . 1000 2300 . . 2600 . Upgrades 56 | . 8 . 9 . . 1 19 2 14 . . . 1 1 . . 1 . Power Slot 2 | . . . . . . . 2 . . . . . . . . . . . Propulsion Slot 1 | . . . . . . . . . 1 . . . . . . . . . Utility Slot 8 | . 3 . . . . . 2 . 1 . . . . 1 . . 1 . Weapon Slot 2 | . . . . . . . . . 2 . . . . . . . . . Core Integrity 8 | . . . . . . . 8 . . . . . . . . . . . Heat Dissipation 13 | . 4 . . . . . . . 9 . . . . . . . . . Energy Generation 5 | . . . . . . 1 3 . 1 . . . . . . . . . Energy Storage 4 | . . . . . . . 4 . . . . . . . . . . . Inventory Capacity 4 | . 1 . 2 . . . . . . . . . 1 . . . . . Ranged Accuracy 5 | . . . 3 . . . . 2 . . . . . . . . . . Hack Attack % 4 | . . . 4 . . . . . . . . . . . . . . . Protomatter Created 2406 | . . 18 215 . . 63 53 269 1043 268 164 . 180 . 101 32 . . Integrity Restored 6015 | . . 141 606 . . 186 81 747 2548 282 511 . 592 . 214 79 28 . Core 4798 | . . 141 267 . . 178 81 747 2362 282 409 . 162 . 120 49 . . Parts 1217 | . . . 339 . . 8 . . 186 . 102 . 430 . 94 30 28 . Protomatter Decayed 456 | . . . 77 . 21 . 9 . 146 88 . . 17 . 51 5 42 . Game ------ Seed CoolantThunderDesublimator Manual? 0 Play Time 01:42:15 Cumulative 320.4 hours Start 2022.04.30 @ 00:55:27 End 2022.04.30 @ 02:45:55 Sessions 1 Manual Loads 0 Difficulty Rogue Special Mode Winter2019/RPGLIKE Game No. 316 Rogue 316 Adventurer 0 Explorer 0 Win Type - Total 20 Types 14/0/4/2/0/0/0/0/0 Lore% 82 Gallery% 88 Achievement% 79 Wizard Run 0 Options --------- ASCII 0 Keyboard 1 Movement Numpad Keybinds 0 Fullscreen 0 Font 16/SmallcapsGlow Map View 76x50 Tactical HUD 1 Map Filters NONE Filters NONE Steam 1 RUN: c59552dc-67e9-42c4-962e-e49a04245da6